 Dungeon Crawl Stone Soup version 0.32-a0-290-g598725c5f2 (webtiles) character file.

Game seed: 14369537567947570699

2845 sasquatch the Slicer (level 10, -11/53 HPs)
             Began as a Kobold Brigand on Feb 13, 2024.
             Was an Initiate of Gozag.
             Killed from afar by a gargoyle (27 damage)
             ... with a stone arrow
             ... in a bailey.
             The game lasted 00:19:41 (7641 turns).

sasquatch the Slicer (Kobold Brigand)               Turns: 7641, Time: 00:19:44

Health: -11/53     AC:  6    Str:  9    XL:     10   Next: 4%
Magic:  10/10      EV: 14    Int: 17    God:    Gozag
Gold:   1345       SH:  0    Dex: 16    Spells: 3/9 levels left

rFire   . . .        a - +2 dagger
rCold   + . .        (no shield)
rNeg    . . .        v - +2 robe {rC+}
rPois   .            (no helmet)
rElec   .            c - +0 cloak
rCorr   +            (no gloves)
SInv    .            u - +0 pair of boots
Will    .....        i - amulet of reflection
Stlth   +++          f - ring of resist corrosion
HPRegen 0.28/turn    j - ring of flight
MPRegen 0.12/turn

%: reflection
@: confused, confusing by touch, ambrosia-drunk, flying
A: small, no large weapons, nightstalker 3
a: Renounce Religion, Potion Petition, Call Merchant, Bribe Branch


You were in a bailey.
You worshipped Gozag.
Gozag was most pleased with you.
You visited 1 branch of the dungeon, and saw 6 of its levels.
You also visited: Bailey.

You collected 1432 gold pieces.
You paid 87 gold pieces to Gozag.

Inventory:

Hand Weapons
 a - a +2 dagger (weapon)
 l - a +1 dagger of venom
Missiles
 d - 43 poisoned darts
 e - 3 curare-tipped darts (quivered)
 s - 5 boomerangs
Armour
 c - a +0 cloak (worn)
 n - +1 gold dragon scales
 u - a +0 pair of boots (worn)
 v - a +2 robe of cold resistance (worn)
 A - +0 shadow dragon scales
 B - a +3 leather armour of cold resistance
 C - a +2 scale mail of poison resistance
Magical Staves
 o - a staff of conjuration
Jewellery
 f - a ring of resist corrosion (left hand)
 i - an amulet of reflection (around neck)
 j - a ring of flight (right hand)
 y - a ring of see invisible
Scrolls
 g - a scroll of vulnerability
 k - a scroll of blinking
 q - a scroll of enchant weapon {unknown}
 r - a scroll of fog {unknown}
 t - 2 scrolls of teleportation
Potions
 b - 2 potions of curing {unknown}
 h - 2 potions of ambrosia
 m - a potion of berserk rage {unknown}
 p - 3 potions of haste
 w - a potion of might {unknown}
 x - a potion of lignification {unknown}
 z - a potion of cancellation {unknown}
 D - a potion of invisibility {unknown}


   Skills:
 - Level 2.2 Fighting
 - Level 10.0 Short Blades
 - Level 2.1 Throwing
 - Level 1.2 Dodging
 - Level 8.0 Stealth
 + Level 5.8 Conjurations
 - Level 8.0 Hexes


You had 3 spell levels left.
You knew the following spells:

 Your Spells              Type           Power      Damage    Failure   Level
a - Confusing Touch       Hex            27%        N/A       2%          3
b - Dazzling Flash        Conj/Hex       46%        N/A       4%          3

Your spell library contained the following spells:

 Spells                   Type           Power      Damage    Failure   Level
 Slow                     Hex            100%       N/A       1%          1
 Sigil of Binding         Hex            27%        N/A       2%          3
 Static Discharge         Conj/Air       18%        3-4/arc   11%         2
 Hailstorm                Conj/Ice       9%         3d6       22%         3
 Cigotuvi's Dreadful Rot  Necr/Alch/Air  0%         N/A       34%         2
 Sublimation of Blood     Necr           0%         N/A       34%         2
 Summon Ice Beast         Ice/Summ       0%         N/A       56%         3
 Vampiric Draining        Necr           0%         2d6       56%         3
 Volatile Blastmotes      Fire/Tloc      0%         2d10      56%         3
 Irradiate                Conj/Alch      4%         3d13      89%         5
 Airstrike                Air            0%         2d(0-16)  93%         4
 Ignite Poison            Fire/Alch      0%         N/A       93%         4
 Petrify                  Alch/Erth      0%         N/A       93%         4
 Summon Lightning Spire   Summ/Air       0%         N/A       93%         4
 Freezing Cloud           Conj/Ice/Air   3%         6-21      96%         5
 Sculpt Simulacrum        Ice/Alch       0%         N/A       100%        6
 Starburst                Conj/Fire      4%         6d4       100%        6
 Maxwell's Capacitive Co  Air            0%         ∞         100%        8


Dungeon Overview and Level Annotations

Branches:
Dungeon (8/15)             Bailey (1/1)
 Temple: D:4-7         Lair: D:8-11

Altars:
Elyvilon
Gozag
Kikubaaqudgha
Okawaru
Uskayaw
Xom
Zin

Annotations:
D:2 exclusions: 2 orcs and orc priest Bailey 2 exclusions


Innate Abilities, Weirdness & Mutations

You are small and have problems with some larger weapons.
You are completely attuned to the shadows.


Message History

HP restored.
You now have 1345 gold pieces (gained 7).
Things that are here:
a +0 vampiric halberd; a +0 scale mail
Found a glowing scale mail and a glowing red potion.
You see here +1 gold dragon scales. n - +1 gold dragon scales You see here a +3 leather armour of cold resistance.
B - a +3 leather armour of cold resistance You see here a +2 robe.
p - 3 potions of haste (gained 1)
You see here a +2 scale mail of poison resistance.
C - a +2 scale mail of poison resistance
D - a glowing red potion
There is a large open door here.
A gargoyle comes into view. It is wielding a +0 mace of holy wrath.
Casting: Confusing Touch (dangerous; 2% risk of failure)
Confirm with . or Enter, or press ? or * to list all spells.
Okay, then.
Unknown command.
Casting: Confusing Touch (dangerous; 2% risk of failure)
Confirm with . or Enter, or press ? or * to list all spells.
Your hands begin to glow red.
The gargoyle hits you with a +0 mace of holy wrath!
You hit the gargoyle but do no damage. You block the gargoyle's attack.
You hit the gargoyle but do no damage. You hit the gargoyle but do no damage.
The gargoyle hurls a stone arrow at you.
The stone arrow hits you!!
You hit the gargoyle but do no damage. You hit the gargoyle but do no damage.
The gargoyle hits you with a +0 mace of holy wrath!
* * * LOW HITPOINT WARNING * * *
You are confused.
You feel invigorated.
The gargoyle hurls a stone arrow at you.
The stone arrow hits you!!
Ouch! That really hurt!
You die...
Your body crumbles into a pile of gold.

#........#...####....#
#.......####....+....#
#ß.....##..##...+....#
#########....#...#....#
#ß...............#....#
#.........#......#+####
###''##...##....ß#
##....##...#######
##......##....@9..#
#...##...#ß......ß#
#..####..##########
#..####).# #ß..##...#
##......## ##ß.[ß##
######


You could see a gargoyle.

Vanquished Creatures
  Grinder (D:5)
  A vampire (Bailey)
  A steam dragon (D:8)
  2 water moccasins (D:5)
  2 ice beasts (D:5)
  A black bear (D:5)
  2 kobold brigands (D:3)
  A scorpion (D:4)
  8 vampire bats (Bailey)
  A howler monkey (D:4)
  8 wolf zombies (Bailey)
  5 hounds
  Crazy Yiuf (D:2)
  An orc priest (D:5)
  Jessica (D:2)
  4 iguanas (D:4)
  4 orc wizards (D:5)
  Natasha (twice) (D:3)
  16 gnolls
  7 adders
  A shadow imp (D:4)
  A dart slug (D:5)
  2 ribbon worms
  10 orcs
  10 endoplasms
  4 giant cockroaches
  5 goblins
  10 hobgoblins
  3 jackals
  45 kobolds
  3 quokkas
  7 ball pythons
  8 bats
  A frilled lizard (D:3)
  18 orc zombies (Bailey)
  5 rats
202 creatures vanquished.

Notes
Turn   | Place    | Note
-------+----------+-------------------------------------------
     0 | D:1      | sasquatch the Kobold Brigand began the quest for the Orb.
     0 | D:1      | Reached XP level 1. HP: 12/12 MP: 1/1
    63 | D:1      | Reached skill level 3 in Short Blades
    68 | D:1      | Reached XP level 2. HP: 17/17 MP: 2/2
   425 | D:1      | Reached XP level 3. HP: 21/21 MP: 3/3
   443 | D:1      | Reached skill level 4 in Short Blades
  1129 | D:2      | Noticed Jessica
  1133 | D:2      | Killed Jessica
  1134 | D:2      | Reached skill level 5 in Short Blades
  1134 | D:2      | Reached XP level 4. HP: 26/26 MP: 4/4
  1584 | D:2      | Found a runed translucent door.
  1587 | D:2      | Noticed Crazy Yiuf
  1596 | D:2      | Killed Crazy Yiuf
  1597 | D:2      | Reached XP level 5. HP: 21/30 MP: 5/5
  1745 | D:3      | Found a glowing silver altar of Zin.
  1748 | D:3      | Found an opulent altar of Gozag.
  1752 | D:3      | Became a worshipper of Gozag Ym Sagoz the Greedy
  1762 | D:3      | Found an iron altar of Okawaru.
  1776 | D:3      | Found a shimmering altar of Xom.
  1840 | D:3      | Noticed a kobold brigand
  2088 | D:3      | Reached skill level 6 in Short Blades
  2259 | D:3      | Found a hide-covered altar of Uskayaw.
  2949 | D:3      | Reached XP level 6. HP: 29/35 MP: 6/6
  3019 | D:3      | Noticed Natasha
  3030 | D:3      | Killed Natasha
  3188 | D:3      | Noticed Natasha
  3202 | D:3      | Killed Natasha
  3203 | D:3      | Reached skill level 7 in Short Blades
  3403 | D:3      | Reached XP level 7. HP: 8/40 MP: 7/7
  3827 | D:3      | Reached skill level 8 in Short Blades
  4397 | D:4      | Reached skill level 9 in Short Blades
  4548 | D:4      | Reached XP level 8. HP: 44/44 MP: 8/8
  4590 | D:4      | Reached skill level 10 in Short Blades
  4594 | D:4      | Learned a level 3 spell: Confusing Touch
  4672 | D:4      | Reached skill level 1 in Hexes
  5200 | D:5      | Entered Level 5 of the Dungeon
  5397 | D:5      | Noticed Grinder
  5401 | D:5      | Killed Grinder
  5402 | D:5      | Reached skill level 5 in Hexes
  5474 | D:5      | Reached XP level 9. HP: 48/48 MP: 9/9
  5478 | D:5      | Learned a level 3 spell: Dazzling Flash
  5479 | D:5      | Found a white marble altar of Elyvilon.
  5494 | D:5      | Reached skill level 1 in Conjurations
  6174 | D:5      | Found an ancient bone altar of Kikubaaqudgha.
  6260 | D:5      | You are sucked into a shaft and drop 3 floors!
  6316 | D:8      | Found a flagged portal.
  6322 | Bailey   | Entered a bailey
  7169 | Bailey   | Reached skill level 5 in Conjurations
  7518 | Bailey   | Reached XP level 10. HP: 29/53 MP: 7/10
  7633 | Bailey   | Noticed a gargoyle
  7641 | Bailey   | Killed from afar by a gargoyle

Illustrated notes

Levels and vault maps discovered:
D:1:      grunt_arrival_crossed_arrows, layout_basic, amethyst_killhole
D:2:      cheibrodos_pilgrimage, layout_loops_cross, uniq_crazy_yiuf_cottage,
          uniq_jessica
D:3:      minmay_goblin_kobold_castle, layout_basic,
          mainiacjoe_overflow_alcove_1, grunt_temple_overflow_cloverleaf,
          kennysheep_generic_room_2, uniq_natasha
D:4:      layout_basic
D:5:      layout_rooms, elyvilon_altar_1, mainiacjoe_overflow_tiny_flanked,
          lemuel_temple_firewalk_b, uniq_grinder
D:8:      layout_basic, nicolae_ashenzari_skybound,
          gammafunk_temple_overflow_statue,
          nicolae_dithmenos_through_a_glass_darkly, enter_bailey_2, special_room
          [special_room_orc], serial_library_hellmonk_recessed_alcove
Bailey:   bailey_polearm_vampire_castle_hellmonk, bailey

Skill      XL: |  1  2  3  4  5  6  7  8  9 |
---------------+----------------------------+-----
Short Blades   | 3 5 6 7 9 10 | 10.0
Stealth        | 6 7 8 |  8.0
Hexes          | 5 8 |  8.0
Conjurations   | 5 |  5.8
Fighting       | |  2.2
Throwing       | |  2.1
Dodging        | |  1.2

Action                     |  1- 3 |  4- 6 |  7- 9 | 10-12 || total
---------------------------+-------+-------+-------+-------++-------
  Melee: Dagger            |    30 |   183 |   557 |     5 ||   775
  Throw: Dart              |       |     1 |       |       ||     1
   Cast: Confusing Touch   |       |       |    20 |     1 ||    21
    Use: Scroll            |       |     4 |     4 |       ||     8
         Potion            |       |       |     1 |     1 ||     2
   Stab: Sleeping          |    20 |    17 |    36 |       ||    73
         Confused          |       |       |    17 |       ||    17
         Distracted        |       |       |     2 |       ||     2
 Armour: Robe              |     6 |    57 |   168 |     4 ||   235
  Dodge: Dodged            |     1 |    64 |   212 |       ||   277
  Block: Other             |     5 |    25 |    67 |     1 ||    98
         Reflection        |       |     1 |     1 |       ||     2

Table legend: (Time is in decaauts)
 A = Elapsed time spent in this place.
 B = Non-inter-level travel time spent in this place.
 C = Inter-level travel time spent in this place.
 D = Time resting spent in this place.
 E = Time spent auto-exploring this place.
 F = Levels seen in this place.
 G = Mean time per level.
                   A        B        C        D        E       F      G
               +--------+--------+--------+--------+--------+-----+--------+
         Total |   7340 |   7058 |    282 |    538 |   4963 |   7 | 1048.6 |
       Dungeon |   6149 |   5867 |    282 |    122 |   4615 |   6 | 1024.8 |
        Bailey |   1191 |   1191 |      0 |    416 |    348 |   1 | 1191.0 |
               +--------+--------+--------+--------+--------+-----+--------+

Top non-repeatable levels by time:
     D:3: 2454 daAuts
  Bailey: 1191 daAuts
     D:5: 982 daAuts
     D:4: 907 daAuts
     D:1: 899 daAuts
     D:2: 844 daAuts
     D:8: 61 daAuts
